 Dungeon Crawl Stone Soup version 0.27-a0-1202-ge72e49191c (webtiles) character file.

Game seed: 12621531698847853655

125636 porpoise the Thaumaturge (level 16, -20/82 HPs)
             Began as a Deep Elf Conjurer on June 1, 2021.
             Was a High Priest of Sif Muna.
             Shot with a sling bullet by a satyr (34 damage)
             ... on level 3 of the Shoals on June 2, 2021.
             The game lasted 03:43:54 (43171 turns).

porpoise the Thaumaturge (Deep Elf Conjurer)       Turns: 43171, Time: 03:43:55

Health: -20/82     AC: 19    Str: 13    XL:     16   Next: 42%
Magic:  24/44      EV: 16    Int: 37    God:    Sif Muna [*****.]
Gold:   1263       SH: 12    Dex: 13    Spells: 5/41 levels left

rFire    . . .     SeeInvis .   b - +1 hunting sling
rCold    + + .     Faith    .   T - +2 buckler of Pragmatism {rC+}
rNeg     + . .     Spirit   .   q - +2 robe {rN+}
rPois    +         Reflect  +   v - +2 helmet
rElec    .         Harm     .   x - +1 cloak
rCorr    .         Rampage  .   p - +2 pair of gloves {archery}
Will     +....                  E - +1 pair of boots "Cuczaenk" {rC+}
Stlth    ++........             g - amulet of reflection
HPRegen  0.23/turn              F - ring of Fyrphik {AC+4 Int+5}
MPRegen  0.29/turn              L - ring "Muekanad" {rPois MP+9 Str+7 Int+3}

@: radiating poison, very slow
A: frail 1
a: Renounce Religion, Channel Magic, Forget Spell, Divine Exegesis


You were on level 3 of the Shoals.
You worshipped Sif Muna.
Sif Muna was extremely pleased with you.
You visited 5 branches of the dungeon, and saw 27 of its levels.
You also visited: Bailey and Volcano.

You collected 5859 gold pieces.
You spent 4596 gold pieces at shops.

Inventory:

Hand Weapons
 a - a +2 whip of electrocution
 b - a +1 hunting sling (weapon)
Missiles
 m - 184 sling bullets (quivered ammo)
 u - 5 curare-tipped darts
 A - 7 boomerangs of dispersal (quivered)
Armour
 p - a +2 pair of gloves of archery (worn)
 q - a +2 robe of positive energy (worn)
 v - a +2 helmet (worn)
 x - a +1 cloak (worn)
 E - the +1 pair of boots "Cuczaenk" (worn) {rC+}
   (You found it in a volcano)

   It protects you from cold.
 T - the +2 buckler of Pragmatism (worn) {rC+}
   (You bought it in a shop on level 2 of the Dungeon)

   It protects you from cold.
Magical Staves
 w - a staff of fire
Jewellery
 c - a ring of see invisible
 g - an amulet of reflection (around neck)
 F - the ring of Fyrphik (left hand) {AC+4 Int+5}
   (You found it on level 6 of the Lair of Beasts)

   [ring of protection]

   It affects your AC (+4).
   It affects your intelligence (+5).
 L - the ring "Muekanad" (right hand) {rPois MP+9 Str+7 Int+3}
   (You found it on level 7 of the Dungeon)

   [ring of magical power]

   It affects your strength (+7).
   It affects your intelligence (+3).
   It protects you from poison.
   It affects your magic capacity (+9).
 U - a ring of resist corrosion
Wands
 k - a wand of paralysis (10)
 s - a wand of flame (94)
 y - a wand of charming (15)
 z - a wand of digging (6)
 C - a wand of acid (11)
 M - a wand of iceblast (35)
 S - a wand of mindburst (13)
 Z - a wand of polymorph (14)
Scrolls
 e - 3 scrolls of silence
 f - 12 scrolls of teleportation
 j - a scroll of summoning
 t - 3 scrolls of fear
 B - 13 scrolls of identify
 I - 3 scrolls of vulnerability
 O - 3 scrolls of fog
 P - a scroll of magic mapping
 W - a scroll of blinking
Potions
 d - 4 potions of heal wounds
 h - 7 potions of cancellation
 l - 6 potions of haste
 o - 4 potions of magic
 D - 3 potions of lignification
 G - a potion of invisibility
 K - a potion of resistance
 Q - 7 potions of curing
 V - 3 potions of ambrosia
 Y - 7 potions of flight


   Skills:
 - Level 7.0 Fighting
 - Level 5.0 Armour
 - Level 9.0 Dodging
 - Level 7.0 Stealth
 - Level 7.0 Shields
 + Level 13.0 Spellcasting
 - Level 9.0 Conjurations
 - Level 7.0 Hexes
 - Level 7.0 Summonings
 - Level 7.0 Necromancy
 - Level 9.0 Translocations
 - Level 3.0 Transmutations
 + Level 7.6 Fire Magic
 - Level 5.0 Air Magic
 - Level 10.0 Earth Magic
 - Level 7.0 Poison Magic
 - Level 12.0 Invocations
 - Level 7.0 Evocations


You had 5 spell levels left.
You knew the following spells:

 Your Spells              Type           Power      Damage    Failure   Level
b - Searing Ray           Conj           100%       3d7       1%          2
c - Iskenderun's Mystic   Conj/Tloc      74%        2d15      1%          4
d - Fulminant Prism       Conj/Hex       35%        3d18      1%          4
e - Lee's Rapid Deconstr  Erth           39%        3d20*     1%          5
f - Fireball              Conj/Fire      35%        3d15      1%          5
i - Ignite Poison         Fire/Tmut/Pois 61%        N/A       1%          3
l - Summon Lightning Spi  Summ/Air       62%        N/A       1%          4
o - Olgreb's Toxic Radia  Pois           66%        N/A       1%          4
v - Borgnjor's Vile Clut  Necr/Erth      36%        N/A       1%          5

Your spell library contained the following spells:

 Spells                   Type           Power      Damage    Failure   Level
 Animate Skeleton         Necr           100%       N/A       1%          1
 Apportation              Tloc           100%       N/A       1%          1
 Corona                   Hex            73%        N/A       1%          1
 Foxfire                  Conj/Fire      100%       2x1d9     1%          1
 Magic Dart               Conj           100%       1d8       1%          1
 Sandblast                Erth           100%       2d20      1%          1
 Shock                    Conj/Air       100%       1d9       1%          1
 Sting                    Tmut/Pois      100%       1d8       1%          1
 Summon Small Mammal      Summ           100%       N/A       1%          1
 Corpse Rot               Necr/Air       N/A        N/A       1%          2
 Ensorcelled Hibernation  Hex/Ice        98%        N/A       1%          2
 Passwall                 Tmut/Erth      53%        N/A       1%          2
 Poisonous Vapours        Pois/Air       100%       N/A       1%          2
 Slow                     Hex            66%        N/A       1%          2
 Static Discharge         Conj/Air       66%        N/A       1%          2
 Sublimation of Blood     Necr           33%        N/A       1%          2
 Call Canine Familiar     Summ           66%        N/A       1%          3
 Confusing Touch          Hex            66%        N/A       1%          3
 Conjure Flame            Conj/Fire      71%        6-21      1%          3
 Dazzling Flash           Conj/Hex       100%       N/A       1%          3
 Gell's Gravitas          Tloc           37%        N/A       1%          3
 Inner Flame              Hex/Fire       67%        N/A       1%          3
 Mephitic Cloud           Conj/Pois/Air  66%        N/A       1%          3
 Portal Projectile        Hex/Tloc       100%       N/A       1%          3
 Stone Arrow              Conj/Erth      100%       3d13      1%          3
 Summon Guardian Golem    Hex/Summ       66%        N/A       1%          3
 Swiftness                Air            57%        N/A       1%          3
 Tukima's Dance           Hex            66%        N/A       1%          3
 Airstrike                Air            28%        N/A       1%          4
 Animate Armour           Summ/Erth      100%       N/A       1%          4
 Animate Dead             Necr           33%        N/A       1%          4
 Cause Fear               Hex            33%        N/A       1%          4
 Dispel Undead            Necr           66%        3d23      1%          4
 Leda's Liquefaction      Hex/Erth       36%        N/A       1%          4
 Petrify                  Tmut/Erth      64%        N/A       1%          4
 Sticky Flame             Conj/Fire      71%        2d8       1%          4
 Hailstorm                Conj/Ice       55%        3d12      2%          4
 Lightning Bolt           Conj/Air       33%        1d50      2%          5
 Summon Ice Beast         Ice/Summ       49%        N/A       3%          4
 Silence                  Hex/Air        31%        N/A       3%          5
 Yara's Violent Unravell  Hex/Tmut       28%        3d12      5%          5
 Ice Form                 Ice/Tmut       35%        N/A       9%          4
 Metabolic Englaciation   Hex/Ice        24%        N/A       11%         5
 Conjure Ball Lightning   Conj/Air       33%        3x3d11    14%         6
 Shadow Creatures         Summ           N/A        N/A       14%         6
 Freezing Cloud           Conj/Ice/Air   27%        6-21      36%         6
 Lehudib's Crystal Spear  Conj/Erth      38%        10d9      91%         8
 Chain Lightning          Conj/Air       33%        N/A       99%         8
 Ignition                 Fire           34%        3d11      99%         8
 Shatter                  Erth           39%        3d31*     100%        9
 Tornado                  Air            28%        N/A       100%        9


Dungeon Overview and Level Annotations

Branches:
Dungeon (15/15)            Temple (1/1) D:7            Lair (6/6) D:8
 Shoals (3/4) Lair:4        Snake (0/4) Lair:3        Slime (0/5) Lair:5
    Orc (2/2) D:11            Elf (0/3) Orc:2        Vaults (0/5) D:13
 Depths (0/5) D:15         Bailey (visited)         Volcano (visited)

Altars:
Ashenzari
Cheibriados
Dithmenos
Elyvilon
Fedhas
Gozag
Hepliaklqana
Kikubaaqudgha
Makhleb
Nemelex Xobeh
Okawaru
Qazlal
Ru
Sif Muna
Trog
Uskayaw
Vehumet
Wu Jian
Xom
Yredelemnul
Zin
The Shining One
Beogh

Shops:
D:1 ?[?=   D:2 (*:*   D:3 *   D:12 [   Orc:2 =(:(   Shoals:1 *

Portals:
Trove: D:13 (give 5 potions of resistance)

Annotations:
D:11 Tormentor behind grate, 2 exclusions
D:12 exclusion: downstairs
Orc:1 3 runed translucent doors, Safema's ghost, journeyman DsGl


Innate Abilities, Weirdness & Mutations

You are frail. (-10% HP)


Message History

Your Spellcasting skill increases to level 13!
The plant is engulfed in a cloud of scalding steam.
A nearby plant withers and dies.
You feel less invigorated.
You enter the shallow water.
Moving in this stuff is going to be slow.
Why would you want to do that? Why would you want to do that?
You start resting.
A satyr comes into view. It is wielding a +0 spear of venom.
What are your orders? t - Shout!
Orders for allies: a - Attack new target. r - Retreat! s - Stop attacking. g - Guard the area. f - Follow me.
Anything else - Cancel.
Okay, then.
Unknown command.
Unknown command.
The satyr unwields a +0 spear of venom.
It stops dripping with poison.
The satyr wields a +0 fustibalus.
The satyr shoots a sling bullet.
You reflect the sling bullet off an invisible shield around you!
The sling bullet hits the satyr!
The satyr shoots a sling bullet.
The sling bullet closely misses you.
You see here a +0 trident.
Casting: Searing Ray (safe; 1% risk of failure)
Confirm with . or Enter, or press ? or * to list all spells.
You begin to radiate toxic energy.
The satyr is poisoned.
The satyr looks even sicker.
The satyr shoots a sling bullet.
The sling bullet hits you!
* * * LOW HITPOINT WARNING * * *
Unknown command.
Casting: Olgreb's Toxic Radiance (mildly dangerous; 1% risk of failure)
Confirm with . or Enter, or press ? or * to list all spells.
You ignite the poison in your surroundings!
The satyr seems to burn from within!!
The satyr is severely wounded.
The satyr is poisoned.
The satyr shoots a sling bullet.
The sling bullet hits you!!
You die...

≈≈≈≈≈ #.≈≈≈≈≈≈≈≈ ≈≈≈≈.P
#.≈)≈≈≈≈≈≈≈ .≈PP..
#.c≈†≈≈≈≈≈≈≈
.≈≈≈..###≈≈≈≈≈≈≈≈≈≈≈≈
.≈.P.P^..≈≈≈≈≈≈≈≈≈≈≈≈≈≈
≈.PPPP...≈≈≈≈≈≈P≈≈≈≈≈≈≈≈
.P.PP..≈≈≈P≈≈P≈≈≈≈≈≈≈≈≈≈≈
###PP##.≈≈≈≈≈P≈≈≈≈≈≈≈≈≈≈≈
#P ##≈P≈@PPP≈P≈≈≈≈≈≈≈≈
#..P#..≈≈≈≈≈≈≈[≈...≈≈≈≈
P...PP..≈≈≈≈≈P≈≈≈...≈..≈
P......≈≈≈≈≈≈≈≈≈≈.≈≈≈..≈
...###########≈≈≈≈≈≈†...
P. ##≈≈≈).### . ##<≈..#
#.≈..# ##≈≈.....


You could see a satyr (poisoned).

Vanquished Creatures
  A frost giant (D:15)
  A red draconian (Volcano)
  A dire elephant (Lair:6)
  An ettin (Orc:2)
  A fire dragon (D:14)
  6 merfolk impalers
  6 hydras
  2 boulder beetles
  A vault guard (D:13)
  3 centaur warriors
  A merfolk avatar (Shoals:1)
  6 two-headed ogres
  3 catoblepae
  10 death yaks (Lair:6)
  4 death knights (D:11)
  3 tengu warriors
  A deep troll shaman (Lair:6)
  An orc high priest (Orc:2)
  Sonja (Orc:2)
  7 slime creatures
  4 skeletal warriors (D:14)
  Nergalle (D:12)
  8 sea snakes
  Pikel (D:6)
  14 harpies
  A lindwurm (Lair:5)
  3 deep elf pyromancers
  A wolf spider (D:15)
  2 orc knights
  9 fauns
  A salamander (shapeshifter) (D:15)
  2 oklob plants (Lair:2)
  8 ugly things
  12 orc sorcerers
  5 manticores
  7 cyclopes
  A shining eye (D:11)
  13 elephants
  A black mamba (shapeshifter) (D:13)
  5 black mambas
  A centaur zombie (D:10)
  4 merfolk sirens
  An unseen horror (shapeshifter) (D:13)
  3 gargoyles
  2 water nymphs
  3 rime drakes
  An unseen horror (D:12)
  8 komodo dragons
  13 cane toads
  An efreet (D:13)
  A freezing wraith (D:15)
  A tengu conjurer (D:13)
  5 wind drakes
  15 merfolk
  A jumping spider (shapeshifter) (D:12)
  5 trolls
  A hornet (D:9)
  Grinder (D:3)
  11 blink frogs
  4 snapping turtles
  5 dream sheep
  52 yaks
  3 water elementals
  Sigmund (D:3)
  4 wraiths
  3 wyverns
  10 basilisks
  4 fire elementals
  2 steam dragons
  6 hogs (D:12)
  Edmund (D:4)
  8 vampire mosquitoes
  5 nagas (Lair:3)
  An acid dragon (D:14)
  4 wargs
  11 water moccasins
  Duvessa (D:4)
  4 hell hounds
  2 ice beasts
  A sky beast (shapeshifter) (D:14)
  2 black bears
  27 orc warriors
  2 sky beasts
  4 ogres
  7 wolves (Lair:6)
  3 lemures (D:6)
  9 centaurs
  2 phantoms
  A kobold brigand (D:6)
  Blork the orc (D:4)
  9 bullfrogs
  2 gnoll sergeants
  5 scorpions
  Dowan (D:4)
  7 killer bees
  4 wights (D:9)
  5 electric eels
  2 bullfrog zombies (D:5)
  6 howler monkeys
  Crazy Yiuf (D:3)
  4 jellies
  A bullfrog skeleton (D:5)
  2 gnoll shamans
  17 orc priests
  A centaur skeleton (D:5)
  Jessica (D:3)
  An iguana (D:6)
  36 orc wizards
  A hound zombie (D:5)
  Robin (D:2)
  18 gnolls
  8 adders
  A white imp (D:8)
  4 dart slugs
  78 orcs
  6 endoplasms
  2 giant cockroaches
  9 hobgoblins
  6 jackals (D:1)
  28 kobolds
  A quokka (D:1)
  12 ball pythons
  3 bats
  3 frilled lizards (D:1)
  15 goblins
  4 rats
732 creatures vanquished.

Vanquished Creatures (collateral kills)
  Kirke (D:12)
  Azrael (D:12)
  A fire dragon (D:13)
  A hydra (D:13)
  A harpy (Shoals:3)
  A slime creature (D:13)
  A dream sheep (Lair:5)
7 creatures vanquished.

Vanquished Creatures (others)
  A manticore (Shoals:1)
  40 fulminant prisms
  40 fungi
  121 plants
202 creatures vanquished.

Grand Total: 941 creatures vanquished

Notes
Turn   | Place    | Note
-------+----------+-------------------------------------------
     0 | D:1      | porpoise the Deep Elf Conjurer began the quest for the Orb.
     0 | D:1      | Reached XP level 1. HP: 10/10 MP: 6/6
    33 | D:1      | Found Feogholo's Magic Scroll Shoppe.
    72 | D:1      | Found Daarhaim's Armour Shop.
   374 | D:1      | Found Umpay's Jewellery Shop.
   394 | D:1      | Reached XP level 2. HP: 15/15 MP: 5/8
   424 | D:1      | Learned a level 2 spell: Searing Ray
   939 | D:1      | Reached skill level 4 in Spellcasting
  1020 | D:1      | Found Dusyny's Magic Scroll Boutique.
  1305 | D:2      | Reached skill level 5 in Conjurations
  1305 | D:2      | Reached XP level 3. HP: 19/19 MP: 6/10
  1341 | D:2      | Found Qofyal's Assorted Antiques.
  1670 | D:2      | Found a faded altar of an unknown god.
  1783 | D:2      | Found Dojialuc's Antique Weapon Emporium.
  1892 | D:2      | Found Komub's General Store.
  2240 | D:2      | Found Vuod's Book Emporium.
  2271 | D:3      | Noticed Sigmund
  2338 | D:3      | Noticed Robin
  2429 | D:2      | Killed Robin
  2430 | D:2      | Reached XP level 4. HP: 15/24 MP: 7/12
  2727 | D:3      | Killed Sigmund
  2728 | D:3      | Reached skill level 5 in Spellcasting
  2728 | D:3      | Reached XP level 5. HP: 28/28 MP: 8/14
  2733 | D:3      | Learned a level 4 spell: Iskenderun's Mystic Blast
  2738 | D:3      | Learned a level 4 spell: Fulminant Prism
  2843 | D:3      | Reached skill level 1 in Translocations
  2843 | D:3      | Reached XP level 6. HP: 33/33 MP: 9/15
  3016 | D:3      | Found a radiant altar of Vehumet.
  3045 | D:3      | Found an ancient bone altar of Kikubaaqudgha.
  3081 | D:3      | Noticed Grinder
  3089 | D:3      | Killed Grinder
  3137 | D:3      | Found Kualouhei's Assorted Antiques.
  3345 | D:3      | Found a shimmering altar of Xom.
  3522 | D:2      | Bought a +2 robe of positive energy for 161 gold pieces
  3968 | D:3      | Noticed Jessica
  3972 | D:3      | Killed Jessica
  3973 | D:3      | Reached XP level 7. HP: 40/40 MP: 13/16
  4036 | D:3      | Found a runed translucent door.
  4037 | D:3      | Noticed Crazy Yiuf
  4042 | D:3      | Killed Crazy Yiuf
  4743 | D:4      | Noticed Edmund
  4751 | D:4      | Killed Edmund
  4832 | D:4      | Noticed Blork the orc
  4840 | D:4      | Killed Blork the orc
  4841 | D:4      | Reached skill level 5 in Translocations
  5012 | D:4      | Found a sparkling altar of Nemelex Xobeh.
  5036 | D:4      | Noticed Duvessa
  5036 | D:4      | Noticed Dowan
  5046 | D:4      | Killed Duvessa
  5047 | D:4      | Reached skill level 1 in Hexes
  5047 | D:4      | Reached XP level 8. HP: 34/48 MP: 8/17
  5050 | D:4      | Killed Dowan
  5653 | D:5      | Entered Level 5 of the Dungeon
  6128 | D:5      | Found a white marble altar of Elyvilon.
  6190 | D:5      | Found an iron altar of Okawaru.
  6240 | D:5      | Reached skill level 5 in Fighting
  6240 | D:5      | Reached skill level 5 in Hexes
  7368 | D:6      | Reached XP level 9. HP: 54/54 MP: 13/18
  7402 | D:6      | Found a blossoming altar of Fedhas.
  8215 | D:6      | Reached skill level 5 in Dodging
  8400 | D:6      | Noticed Pikel
  8410 | D:6      | Killed Pikel
  8411 | D:6      | Reached skill level 6 in Spellcasting
  8922 | D:7      | Found a staircase to the Ecumenical Temple.
  8926 | D:7      | Identified the ring "Muekanad" {rPois MP+9 Str+7 Int+3}
  8931 | D:7      | Noticed a two-headed ogre
  8938 | D:7      | Killed a two-headed ogre
  8939 | D:7      | Reached skill level 7 in Spellcasting
  8939 | D:7      | Reached skill level 5 in Evocations
  8942 | Temple   | Entered the Ecumenical Temple
  9097 | Temple   | Became a worshipper of Sif Muna the Loreminder
  9506 | D:7      | Reached skill level 5 in Stealth
 10017 | D:8      | Reached skill level 1 in Shields
 10234 | D:8      | Identified 2 scrolls of acquirement
 10234 | D:8      | Acquired 1083 gold pieces
 10416 | D:2      | Bought a brightly glowing buckler for 294 gold pieces
 10416 | D:2      | Identified the +2 buckler of Pragmatism {rC+} (You bought
                  | it in a shop on level 2 of the Dungeon)
 10482 | D:2      | Bought a scroll of identify for 22 gold pieces
 10482 | D:2      | Bought a potion of magic for 88 gold pieces
 10482 | D:2      | Bought a scroll of identify for 22 gold pieces
 10482 | D:2      | Bought a potion of curing for 33 gold pieces
 10554 | D:3      | Bought a tourmaline ring for 140 gold pieces
 10554 | D:3      | Bought a yellow potion for 25 gold pieces
 10554 | D:3      | Bought a scroll labelled HAJIGI XOFAT for 28 gold pieces
 10554 | D:3      | Bought a leatherbound book for 420 gold pieces
 10554 | D:3      | Bought a scroll labelled CADODY KUUSS for 28 gold pieces
 10554 | D:3      | Bought a scroll labelled BEHECU MAKHLYMOW for 28 gold
                  | pieces
 10554 | D:3      | Bought a scroll of identify for 56 gold pieces
 10554 | D:3      | Bought a wooden wand for 112 gold pieces
 10555 | D:3      | Acquired 924 gold pieces
 10620 | D:2      | Bought a blue potion for 27 gold pieces
 10620 | D:2      | Bought a scroll labelled JAECUVEMAY for 31 gold pieces
 10620 | D:2      | Bought a blue potion for 27 gold pieces
 10733 | D:1      | Bought a scroll of acquirement for 624 gold pieces
 10733 | D:1      | Acquired 604 gold pieces
 10992 | D:2      | Bought a Young Poisoner's Handbook for 520 gold pieces
 10997 | D:2      | Learned a level 4 spell: Olgreb's Toxic Radiance
 11001 | D:2      | Learned a level 3 spell: Ignite Poison
 11268 | D:1      | Bought a +2 pair of gloves of archery for 215 gold pieces
 11468 | D:8      | Reached XP level 10. HP: 59/59 MP: 22/22
 11698 | D:8      | Reached skill level 1 in Poison Magic
 11739 | D:8      | Reached * piety under Sif Muna
 11745 | D:8      | Found a staircase to the Lair.
 12165 | D:8      | Found an opulent altar of Gozag.
 12199 | D:8      | Identified the +2 robe "Lonan" {-Tele Dex+5}
 12249 | Lair:1   | Entered Level 1 of the Lair of Beasts
 12253 | Lair:1   | Noticed a cane toad
 12260 | Lair:1   | Killed a cane toad
 12318 | Lair:1   | Noticed a black mamba
 12330 | Lair:1   | Killed a black mamba
 12331 | Lair:1   | Reached skill level 5 in Poison Magic
 12401 | Lair:1   | Reached skill level 1 in Invocations
 12691 | Lair:1   | Noticed a cane toad
 12695 | Lair:1   | Killed a cane toad
 12950 | Lair:1   | Noticed a cane toad
 12957 | Lair:1   | Killed a cane toad
 13645 | D:1      | Bought a ring of see invisible for 210 gold pieces
 13852 | D:9      | Noticed a two-headed ogre
 13858 | D:9      | Killed a two-headed ogre
 13859 | D:9      | Reached skill level 5 in Invocations
 13859 | D:9      | Reached XP level 11. HP: 57/63 MP: 21/23
 14010 | D:9      | Reached skill level 1 in Fire Magic
 14068 | D:9      | Reached skill level 1 in Armour
 14118 | D:9      | Noticed a centaur warrior
 14125 | D:9      | Killed a centaur warrior
 14862 | D:10     | Entered Level 10 of the Dungeon
 14863 | D:10     | Reached ** piety under Sif Muna
 14867 | D:10     | Noticed a two-headed ogre
 14872 | D:10     | Killed a two-headed ogre
 14900 | D:10     | Noticed a deep elf pyromancer
 14906 | D:10     | Killed a deep elf pyromancer
 15122 | D:10     | Reached skill level 5 in Fire Magic
 15189 | D:10     | Found a stormy altar of Qazlal.
 15224 | D:10     | Found a burning altar of Makhleb.
 15457 | D:10     | Found a snail-covered altar of Cheibriados.
 15478 | D:10     | Found a glowing golden altar of the Shining One.
 15554 | D:10     | Found a hazy altar of Hepliaklqana.
 15629 | D:11     | Reached skill level 5 in Armour
 15634 | D:11     | Reached skill level 1 in Transmutations
 15864 | D:11     | Found a staircase to the Orcish Mines.
 15897 | D:11     | Noticed Urug
 15899 | D:11     | Noticed Urug
 15899 | D:11     | Urug changed into Urug the swamp dragon
 15903 | D:11     | Noticed Urug
 15903 | D:11     | Urug the swamp dragon changed into Urug the shining eye
 15906 | D:11     | Gained mutation: You are frail. (-10% HP) [Urug]
 15906 | D:11     | Killed Urug the shining eye
 15969 | D:11     | Noticed a two-headed ogre
 15978 | D:11     | Killed a two-headed ogre
 16018 | D:11     | Learned a level 4 spell: Summon Lightning Spire
 16107 | D:11     | Noticed a death knight
 16108 | D:11     | Noticed a death knight
 16113 | D:11     | Killed a death knight
 16114 | D:11     | Reached skill level 1 in Air Magic
 16117 | D:11     | Killed a death knight
 16125 | D:11     | Noticed a death knight
 16460 | D:11     | Noticed a death knight
 16465 | D:11     | Killed a death knight
 16466 | D:11     | Reached XP level 12. HP: 61/61 MP: 16/24
 16786 | D:11     | Killed a death knight
 17272 | D:12     | Noticed Nergalle
 17275 | D:12     | Killed Nergalle
 17521 | D:12     | Reached skill level 5 in Air Magic
 17683 | D:12     | Noticed Kirke
 17739 | D:12     | Reached skill level 1 in Summonings
 17864 | D:12     | Killed Kirke
 17865 | D:12     | Reached skill level 5 in Summonings
 17866 | D:12     | Noticed an eight-headed hydra
 17943 | D:11     | Killed an eight-headed hydra
 18143 | D:12     | Reached *** piety under Sif Muna
 18265 | D:12     | Found a snail-covered altar of Cheibriados.
 18267 | D:12     | Found Cheibriados's Comfort Zone.
 18336 | D:12     | Reached skill level 8 in Spellcasting
 19171 | Lair:2   | Learned a level 5 spell: Fireball
 19297 | Lair:2   | Noticed a five-headed hydra
 19308 | Lair:2   | Killed a five-headed hydra
 19309 | Lair:2   | Reached XP level 13. HP: 62/64 MP: 2/27
 19751 | Lair:2   | Reached skill level 9 in Spellcasting
 21886 | Lair:3   | Found a staircase to the Snake Pit.
 22951 | Lair:4   | Reached skill level 10 in Spellcasting
 23196 | Lair:4   | Reached **** piety under Sif Muna
 23727 | Lair:4   | Found a staircase to the Shoals.
 24109 | Lair:5   | Reached skill level 11 in Spellcasting
 24735 | Lair:5   | Reached XP level 14. HP: 70/70 MP: 31/31
 24941 | Lair:5   | Found a staircase to the Slime Pits.
 25587 | D:13     | Found a portal to a secret trove of treasure.
 25646 | D:13     | Found a flagged portal.
 25827 | Bailey   | Entered a bailey
 25857 | Bailey   | Identified the +0 ring mail of the Two of Pentacles {+Inv
                  | rPois Dex+2}
 25875 | Bailey   | Reached ***** piety under Sif Muna
 26054 | Bailey   | Identified Sif Muna's Volume of Supportive Flight (Sif Muna
                  | gifted it to you in a bailey)
 26054 | Bailey   | Received a gift from Sif Muna
 26071 | Bailey   | Reached skill level 12 in Spellcasting
 26262 | Bailey   | Learned a level 5 spell: Borgnjor's Vile Clutch
 26396 | D:13     | Noticed Azrael
 26704 | D:12     | Killed Azrael
 26705 | D:12     | Reached skill level 1 in Earth Magic
 27428 | D:13     | Reached skill level 1 in Necromancy
 27500 | D:13     | Found a sacrificial altar of Ru.
 28297 | D:13     | Found a gate to the Vaults.
 28523 | D:14     | Reached skill level 5 in Earth Magic
 28672 | D:14     | Reached skill level 5 in Necromancy
 29437 | D:14     | Identified the +12 quarterstaff "Zyig" {flame, rPois Int-5
                  | Dex+6}
 30145 | D:15     | Entered Level 15 of the Dungeon
 30355 | D:15     | Found a staircase to the Depths.
 30355 | D:15     | Noticed a frost giant
 30360 | D:15     | Killed a frost giant
 31694 | Lair:1   | Upgraded the game from 0.27-a0-1200-g94dc6ad4cf to
                  | 0.27-a0-1202-ge72e49191c
 31778 | Lair:6   | Entered Level 6 of the Lair of Beasts
 31902 | Lair:6   | Found a dark tunnel.
 32021 | Volcano  | Entered a volcano
 32081 | Volcano  | Found a bloodstained altar of Trog.
 32168 | Volcano  | Reached skill level 10 in Invocations
 32168 | Volcano  | Reached XP level 15. HP: 75/75 MP: 17/33
 32326 | Volcano  | Identified the +1 pair of boots "Cuczaenk" {rC+}
 32538 | Lair:6   | Identified Sif Muna's Tome of Harmful Evil Secrets (Sif
                  | Muna gifted it to you on level 6 of the Lair of Beasts)
 32538 | Lair:6   | Received a gift from Sif Muna
 34536 | Lair:6   | Identified the ring of Fyrphik {AC+4 Int+5}
 34808 | Orc:1    | Entered Level 1 of the Orcish Mines
 35094 | Orc:1    | Found a runed translucent gate.
 35094 | Orc:1    | Found a runed translucent gate.
 35094 | Orc:1    | Found a runed translucent gate.
 35094 | Orc:1    | Noticed Safema's ghost (journeyman DsGl)
 35751 | Orc:2    | Entered Level 2 of the Orcish Mines
 35751 | Orc:2    | Found a staircase to the Elven Halls.
 35759 | Orc:2    | Identified Sif Muna's Sophisticated Theurgy (Sif Muna
                  | gifted it to you on level 2 of the Orcish Mines)
 35759 | Orc:2    | Received a gift from Sif Muna
 36504 | Orc:2    | Paralysed by an orc sorcerer for 2 turns
 36542 | Orc:2    | Noticed Sonja
 36546 | Orc:2    | Killed Sonja
 36927 | Orc:2    | Found Huwur's Weapon Emporium.
 36927 | Orc:2    | Found Hajeerar's Jewellery Boutique.
 37033 | Orc:2    | Paralysed by an orc sorcerer for 6 turns
 38344 | Orc:2    | Found Qoragawn's Antique Weapon Emporium.
 38344 | Orc:2    | Found Nat Xoth's Book Boutique.
 38350 | Orc:2    | Bought an ichor-stained scimitar for 225 gold pieces
 38350 | Orc:2    | Identified the +4 scimitar "Hipuss" {flame, rPois Will++
                  | Dex+4} (You bought it in a shop on level 2 of the Orcish
                  | Mines)
 38670 | Orc:2    | Bought a book of Geomancy for 420 gold pieces
 38676 | Orc:2    | Learned a level 5 spell: Lee's Rapid Deconstruction
 38968 | Orc:2    | Bought a book of the Tempests for 840 gold pieces
 39168 | Shoals:1 | Entered Level 1 of the Shoals
 39179 | Shoals:1 | Identified Sif Muna's Incunabulum of Feathers (Sif Muna
                  | gifted it to you on level 1 of the Shoals)
 39179 | Shoals:1 | Received a gift from Sif Muna
 39712 | Shoals:1 | Reached skill level 5 in Shields
 40300 | Shoals:1 | Reached XP level 16. HP: 73/82 MP: 34/34
 40520 | Shoals:1 | Found Loehylut's Luxury Loot.
 42182 | Shoals:2 | Reached skill level 10 in Earth Magic
 43158 | Shoals:3 | Reached skill level 13 in Spellcasting
 43171 | Shoals:3 | Shot with a sling bullet by a satyr

Illustrated notes

Levels and vault maps discovered:
D:1:      dpeg_arrival_pits, layout_basic, serial_shops,
          nicolae_shop_behind_doors, nicolae_shop_crystal, shop,
          nicolae_shop_statue_plus
D:2:      kb_forest_paths, layout_basic, shapermc_ecumenical_altar_venn,
          serial_shops, shop, shop, shop, nicolae_shop_crystal
D:3:      layout_loops_ring, amcnicky_altar_gilded, overflow_temple_1_default,
          vehumet_altar_wand_db, serial_shops, shop_fountains,
          uniq_crazy_yiuf_cottage, uniq_jessica, uniq_grinder, uniq_robin,
          uniq_sigmund
D:4:      layout_basic, nemelex_spade_bored_becter, serial_aquarium,
          aquarium_bridge_square [aquarium_subvault_wall,
          aquarium_subvault_bridge, aquarium_subvault_bridge,
          aquarium_subvault_bridge], aquarium_window_fake, aquarium_window_fake,
          aquarium_window_1, aquarium_view_2b, aquarium_view_2f,
          aquarium_balcony_3b, kennysheep_boxes, uniq_blork_the_orc,
          uniq_duvessa, uniq_edmund
D:5:      layout_loops_ring, old_standard_altar, okawaru_gym_becter
D:6:      layout_layer_cave, lemuel_doored_altar, uniq_pikel
D:7:      layout_loops_ring, minmay_temple_entry_large_hall,
          columned_hall_lemuel
D:8:      layout_gridville, lemuel_crystal_altar, erik_lair_orcish_takeover
D:9:      layout_roguey, kb_rosetta
D:10:     layout_rooms, lemuel_tele_altar, kennysheep_slug_shrine,
          kennysheep_mini, minitemple
D:11:     cheibrodos_tormentor_scu, layout_stronghold, orc_0_dummy,
          corexii_corridor_pit, uniq_urug
D:12:     layout_roguey, minmay_shop_chei, minivault_14, minivault_16,
          st_stairs_14, uniq_nergalle, uniq_kirke
D:13:     layout_roguey, david_vaults_5, enter_trove_0, enter_bailey_2,
          minivault_10, nicolae_ru_path_of_blood, uniq_azrael
D:14:     layout_big_octagon, chequers_jeans
D:15:     grunt_enter_depths_snipers, layout_basic,
          chequers_serial_rivers_room_b, minmay_liquid_box
Temple:   dpeg_three_leaves_temple
Lair:1:   layout_hall_layers, minivault_26, infiniplex_staircase_pool_2
Lair:2:   layout_regular_city, serial_bayou_shore_a, grunt_megastairs_3,
          minmay_lair_oklob_chamber, lemuel_fruit_tree
Lair:3:   layout_cave_pods, minmay_snake_entry_guardpost_large,
          gauntlet_entry_generic
Lair:4:   layout_cave_shapes, elwin_shoals_entry_rooms, grunt_megastairs_4
Lair:5:   layout_loops_ring, minmay_slime_entry_pillars
Lair:6:   grunt_lair_end_beastmaster, layout_gridlike,
          nicolae_volcano_entry_lava_flow, infiniplex_staircase_pool
Shoals:1: layout_shoals, nicolae_alphabet_shops
Shoals:2: layout_shoals
Shoals:3: layout_shoals, st_sunken_temple, uniq_polyphemus
Orc:1:    layout_caves, ebering_ghost_rock_garden, nicolae_orc_rich_vein
Orc:2:    st_orc_town, layout_caves, basic_altar, bh_open_orc_temple, uniq_sonja

Skill      XL: |  1  2  3  4  5  6  7  8  9 10 11 12 13 14 15 16 |
---------------+-------------------------------------------------+-----
Spellcasting   | 4 5 7 8 11 12 13 | 13.0
Conjurations   | 5 7 9 |  9.0
Translocations | 1 3 5 6 7 8 9 |  9.0
Fighting       | 2 4 5 6 7 |  7.0
Hexes          | 1 7 |  7.0
Dodging        | 4 5 9 |  9.0
Evocations     | 5 7 |  7.0
Stealth        | 5 7 |  7.0
Shields        | 1 4 5 7 |  7.0
Poison Magic   | 7 |  7.0
Invocations    | 5 7 9 10 12 | 12.0
Fire Magic     | 5 7 |  7.6
Armour         | 5 |  5.0
Transmutations | 3 |  3.0
Air Magic      | 2 5 |  5.0
Summonings     | 7 |  7.0
Earth Magic    | 7 8 10 | 10.0
Necromancy     | 7 |  7.0

Action                   |  1- 3 |  4- 6 |  7- 9 | 10-12 | 13-15 | 16-18 || total
-------------------------+-------+-------+-------+-------+-------+-------++-------
Melee: Unarmed           |     3 |       |       |     4 |       |       ||     7
       Short sword       |     2 |       |       |       |       |       ||     2
       Whip              |       |       |       |     2 |     5 |       ||     7
 Fire: Hunting sling     |       |    19 |    62 |    76 |   253 |     3 ||   413
Throw: Dart              |       |       |     6 |       |       |       ||     6
       Throwing net      |       |       |       |     1 |       |       ||     1
       Boomerang         |       |       |       |       |     1 |     2 ||     3
 Cast: Magic Dart        |    50 |    12 |    11 |     2 |       |       ||    75
       Searing Ray       |    14 |    18 |    65 |    87 |   155 |    17 ||   356
       Iskenderun's Myst |       |       |    11 |    33 |    67 |     5 ||   116
       Fulminant Prism   |       |       |       |    13 |    27 |       ||    40
       Ignite Poison     |       |       |       |    28 |   199 |    69 ||   296
       Olgreb's Toxic Ra |       |       |       |    17 |   125 |    36 ||   178
       Summon Lightning  |       |       |       |     1 |    12 |     1 ||    14
       Fireball          |       |       |       |       |    18 |     6 ||    24
       Borgnjor's Vile C |       |       |       |       |    28 |     1 ||    29
Invok: Channel Magic     |       |       |       |     1 |       |     2 ||     3
Evoke: Wand              |       |       |       |    11 |    15 |       ||    26
  Use: Scroll            |       |       |    29 |     4 |     6 |       ||    39
       Potion            |       |       |     1 |     1 |     4 |       ||     6
Armor: Robe              |     2 |       |    11 |    12 |    60 |     8 ||    93
       Animal skin       |       |     1 |       |       |       |       ||     1
Dodge: Dodged            |    16 |       |    21 |    74 |   167 |    26 ||   304
Block: Other             |       |       |     7 |       |       |       ||     7
       Reflection        |       |       |     1 |       |    14 |     8 ||    23
       Buckler           |       |       |       |    30 |    98 |    39 ||   167

Table legend: (Time is in decaauts)
 A = Elapsed time spent in this place.
 B = Non-inter-level travel time spent in this place.
 C = Inter-level travel time spent in this place.
 D = Time resting spent in this place.
 E = Time spent auto-exploring this place.
 F = Levels seen in this place.
 G = Mean time per level.
                   A        B        C        D        E       F      G
               +--------+--------+--------+--------+--------+-----+--------+
         Total |  43604 |  39259 |   4345 |  19087 |  14936 |  29 | 1503.6 |
       Dungeon |  24084 |  20825 |   3259 |   9812 |   8557 |  15 | 1605.6 |
        Temple |    168 |    155 |     13 |     85 |     65 |   1 |  168.0 |
          Lair |  10805 |  10033 |    772 |   4649 |   4020 |   6 | 1800.8 |
        Shoals |   3896 |   3785 |    111 |   2204 |   1155 |   3 | 1298.7 |
  Orcish Mines |   3773 |   3585 |    188 |   1944 |   1077 |   2 | 1886.5 |
        Bailey |    472 |    472 |      0 |    221 |     29 |   1 |  472.0 |
       Volcano |    402 |    402 |      0 |    171 |     32 |   1 |  402.0 |
               +--------+--------+--------+--------+--------+-----+--------+

Top non-repeatable levels by time:
   Orc:2: 2770 daAuts
    D:13: 2573 daAuts
  Lair:6: 2447 daAuts
    D:11: 2335 daAuts
     D:3: 2143 daAuts
     D:6: 2094 daAuts
Shoals:1: 2083 daAuts
    D:12: 2060 daAuts
  Lair:3: 1916 daAuts
  Lair:1: 1827 daAuts
  Lair:2: 1800 daAuts
     D:2: 1683 daAuts
     D:4: 1581 daAuts
     D:1: 1561 daAuts
Shoals:2: 1547 daAuts
